 Dungeon Crawl Stone Soup version 0.28-a0-1387-g3a22ab9bdc (webtiles) character file.

Game seed: 2633858003756682615

176083 Peloso the Fencer (level 17, 0/166 HPs)
             Began as a Minotaur Fighter on Jan 2, 2022.
             Was the Champion of Okawaru.
             Killed from afar by a ghostly deep elf zephyrmancer (34 damage)
             ... with a bolt of lightning
             ... on level 1 of the Elven Halls.
             The game lasted 01:17:37 (24013 turns).

Peloso the Fencer (Minotaur Fighter)               Turns: 24013, Time: 01:17:38

Health: 0/166      AC: 28    Str: 32    XL:     17   Next: 49%
Magic:  17/17      EV: 11    Int:  5    God:    Okawaru [******]
Gold:   2168       SH: 14    Dex: 16    Spells: 16/16 levels left

rFire   + . .      SeeInvis .   a - +4 scimitar (flame)
rCold   + + +      Faith    .   c - +2 buckler {rC+}
rNeg    . . .      Spirit   .   Q - +2 plate armour {rF+}
rPois   .          Reflect  .   V - +2 hat "Zicaed" {Dex+2}
rElec   .          Harm     .   R - +2 cloak "Yliexoffu" {rCorr Str+3}
rCorr   +          Rampage  .   v - +1 pair of gloves of Muttered Phrases {Regen+}
Will    +....                   (no boots)
Stlth   ..........              (no amulet)
HPRegen 1.17/turn               u - ring "Xusmag" {rC+ Str+4}
MPRegen 0.15/turn               y - +4 ring of slaying

@: lethally poisoned (0 -> 0), about to teleport, slowed, very slow
A: horns 2, retaliatory headbutt, beak, large bone plates 1, cold resistance 1,
no potion heal 1
a: Renounce Religion, Heroism, Finesse, Duel


You were on level 1 of the Elven Halls.
You worshipped Okawaru.
Okawaru was exalted by your worship.
You visited 5 branches of the dungeon, and saw 25 of its levels.
You also visited: Bailey, Gauntlet and Volcano.

You collected 2516 gold pieces.
You spent 348 gold pieces at shops.

Inventory:

Hand Weapons
 a - a +4 scimitar of flaming (weapon)
 b - a +3 scimitar of flaming
Armour
 c - a +2 buckler of cold resistance (worn)
 p - the +0 cloak "Uzyigan" {rPois Regen+}
   (You found it in a Gauntlet)

   rPois:     It protects you from poison.
   Regen:     It increases your rate of health regeneration.
 v - the +1 pair of gloves of Muttered Phrases (worn) {Regen+}
   (You found it on level 4 of the Dungeon)

   Regen:     It increases your rate of health regeneration.
 G - the +1 pair of boots of Optimism {rF- Int+4 Slay+2}
   (Okawaru gifted it to you on level 5 of the Lair of Beasts)

   Int:       It affects your intelligence (+4).
   Slay:      It affects your accuracy & damage with ranged weapons and melee
   (+2).
   rF:        It makes you vulnerable to fire.
 Q - a +2 plate armour of fire resistance (worn)
 R - the +2 cloak "Yliexoffu" (worn) {rCorr Str+3}
   (You found it on level 9 of the Dungeon)

   Str:       It affects your strength (+3).
   rCorr:     It protects you from acid and corrosion.
 V - the +2 hat "Zicaed" (worn) {Dex+2}
   (Okawaru gifted it to you on level 10 of the Dungeon)

   Dex:       It affects your dexterity (+2).
Jewellery
 d - a ring of ice
 i - a ring of poison resistance
 j - a ring of resist corrosion
 k - a ring of willpower
 u - the ring "Xusmag" (left hand) {rC+ Str+4}
   (You found it on level 4 of the Dungeon)

   [ring of protection from cold]

   Str:       It affects your strength (+4).
   rC:        It protects you from cold.
 w - the ring "Juwkutorcha" {rN+ Str+5 Stlth-}
   (You found it on level 15 of the Dungeon)

   [ring of positive energy]

   Str:       It affects your strength (+5).
   rN:        It protects you from negative energy.
   Stlth:     It makes you less stealthy.
 x - a +4 ring of evasion
 y - a +4 ring of slaying (right hand)
 C - a ring of protection from cold
 F - a +6 ring of dexterity
 H - a ring of see invisible
Wands
 l - a wand of flame (9)
 m - a wand of paralysis (5)
 B - a wand of polymorph (11)
 E - a wand of iceblast (10)
Scrolls
 e - a scroll of enchant weapon
 f - a scroll of fear
 h - 8 scrolls of identify
 n - a scroll of brand weapon
 o - 4 scrolls of immolation
 q - 8 scrolls of teleportation
 s - 3 scrolls of noise
 D - 3 scrolls of silence
 I - a scroll of acquirement
 K - a scroll of magic mapping
 L - a scroll of fog
 M - 6 scrolls of blinking
 W - a scroll of torment
Potions
 g - 2 potions of curing
 r - a potion of berserk rage
 t - 5 potions of heal wounds
 z - 4 potions of might
 A - 6 potions of resistance
 J - 4 potions of haste


   Skills:
 + Level 18.5 Fighting
 + Level 0.6(11.8) Short Blades
 + Level 19.6 Long Blades
 + Level 1.1(1.5) Axes
 + Level 0.7(1.2) Maces & Flails
 + Level 1.1(1.5) Polearms
 + Level 0.7(1.2) Staves
 + Level 0.6(0.8) Slings
 + Level 0.6 Bows
 + Level 0.6 Crossbows
 + Level 0.5(0.7) Throwing
 + Level 18.2 Armour
 + Level 5.2 Dodging
 + Level 3.3 Stealth
 + Level 16.3 Shields
 + Level 0.6 Unarmed Combat
 + Level 0.2 Spellcasting
 + Level 0.3 Conjurations
 + Level 0.4 Hexes
 + Level 0.3 Summonings
 + Level 0.3 Necromancy
 + Level 0.3 Translocations
 + Level 0.3 Transmutations
 + Level 0.3 Fire Magic
 + Level 0.3 Ice Magic
 + Level 0.3 Air Magic
 + Level 0.3 Earth Magic
 + Level 0.3 Poison Magic
 + Level 1.5 Invocations
 + Level 0.9 Evocations


You had 16 spell levels left.
You didn't know any spells.
Your spell library contained the following spells:

 Spells                   Type           Power      Damage    Failure   Level
 Beastly Appendage        Tmut           0%         N/A       88%         1
 Foxfire                  Conj/Fire      0%         2x1d4     88%         1
 Sandblast                Erth           0%         2d4       88%         1
 Sting                    Tmut/Pois      0%         1d3       88%         1
 Passwall                 Tmut/Erth      0%         N/A       95%         2
 Poisonous Vapours        Pois/Air       0%         N/A       95%         2
 Wereblood                Tmut           0%         N/A       95%         2
 Blink                    Tloc           0%         N/A       96%         2
 Corpse Rot               Necr/Air       0%         N/A       96%         2
 Confusing Touch          Hex            0%         N/A       99%         3
 Conjure Flame            Conj/Fire      0%         6-21      99%         3
 Inner Flame              Hex/Fire       0%         N/A       99%         3
 Spider Form              Tmut/Pois      0%         N/A       99%         3
 Stone Arrow              Conj/Erth      0%         3d7       99%         3
 Cause Fear               Hex            0%         N/A       100%        4
 Dispel Undead            Necr           0%         3d6       100%        4
 Flame Wave               Conj/Fire      0%         2d4       100%        4
 Fulminant Prism          Conj/Hex       0%         3d6       100%        4
 Iskenderun's Mystic Bla  Conj/Tloc      0%         2d3       100%        4
 Olgreb's Toxic Radiance  Pois           0%         N/A       100%        4
 Petrify                  Tmut/Erth      0%         N/A       100%        4
 Lee's Rapid Deconstruct  Erth           0%         3d5*      100%        5
 Manifold Assault         Tloc           0%         N/A       100%        5
 Yara's Violent Unravell  Hex/Tmut       0%         3d3       100%        5
 Statue Form              Tmut/Erth      0%         N/A       100%        6
 Enfeeble                 Hex            0%         N/A       100%        7
 Orb of Destruction       Conj           0%         N/A       100%        7
 Storm Form               Tmut/Air       0%         N/A       100%        7
 Discord                  Hex            0%         N/A       100%        8
 Summon Guardian Golem    Hex/Summ       Unusable   N/A       N/A         3
 Death Channel            Necr           Unusable   N/A       N/A         6
 Spellforged Servitor     Conj/Summ      Unusable   N/A       N/A         7

Dungeon Overview and Level Annotations

Branches:
Dungeon (15/15)            Temple (1/1) D:5            Lair (6/6) D:8
 Shoals (0/4) Lair:4       Spider (0/4) Lair:2        Slime (0/5) Lair:6
    Orc (2/2) D:9             Elf (1/3) Orc:2        Vaults (0/5) D:14
 Depths (0/4) D:15         Bailey (visited)         Volcano (visited)
Gauntlet (visited)

Altars:
Ashenzari
Cheibriados
Dithmenos
Elyvilon
Gozag
Kikubaaqudgha
Nemelex Xobeh
Okawaru
Qazlal
Ru
Sif Muna
Trog
Uskayaw
Xom
Zin
The Shining One
Beogh
Jiyva

Shops:
D:4 !   D:9 =   Orc:2 *!!!

Annotations:
D:3 1 runed translucent door, Delamore's ghost, amateur GrFi
D:6 1 runed translucent door, kelmiir's ghost, novice DEEE
D:11 casa
Elf:1 2 transporters, nada's ghost, adept GrGl


Innate Abilities, Weirdness & Mutations

You have a pair of horns on your head.
You reflexively headbutt those who attack you in melee.
You have a beak for a mouth.
You are partially covered in large bone plates. (SH +4)
Your flesh is cold resistant. (rC+)
Potions are less effective at restoring your health.


Message History

The deep elf archer shoots an arrow.
The arrow hits you!
The deep elf knight hits you but does no damage.
You miss the deep elf archer.
Your headbutt misses the deep elf archer.
Your peck misses the deep elf archer.
The deep elf archer unwields a +0 longbow.
The deep elf archer wields a +1 dagger of venom.
It begins to drip with poison!
The deep elf archer hits you but does no damage.
You are poisoned.
The deep elf death mage beckons forth a restless soul!
The deep elf knight gestures at you while chanting.
The lance of force hits you.
You are knocked back by the lance of force.
You feel very sick.
The deep elf archer shoots an arrow.
You block the arrow.
The deep elf archer unwields a +1 dagger of venom.
It stops dripping with poison.
The deep elf archer wields a +0 longbow.
The deep elf archer shoots an arrow.
You block the arrow.
Unknown command.
You feel sick.
The deep elf zephyrmancer completely misses you.
You furiously retaliate!
You headbutt the deep elf zephyrmancer!
The lost soul assumes the form of the deep elf zephyrmancer and becomes anchored to this world!
The deep elf knight points at you and mumbles some strange words.
The shard of ice hits you!! You partially resist.
* * * LOW HITPOINT WARNING * * *
The deep elf archer shoots an arrow.
You block the arrow.
Unknown command.
As you read the scroll of teleportation, it crumbles to dust.
You feel strangely unstable.
You feel sick.
The ghostly deep elf zephyrmancer hits you but does no damage.
The deep elf archer gestures at you while chanting.
You resist with some effort.
The deep elf archer gestures wildly while chanting.
The deep elf archer blinks!
The ghostly deep elf zephyrmancer casts a spell at you.
The bolt of lightning hits you!!
You die...

#....#...)#.#)#....#
#...#.#...#...).#..#
#....#....#####))..#
##'##...#### ##)#)#
##...#...## # #...#
#..#.#...##.## ###)##
#....######..#######)##
#.#...........'.)....##
#.....@e......#).)...(.
###...........#.###....
##..ee..##.##.# ###.#
##.eeĀ§.# 8#.# #.#
##.)...e...'# #.#
.e...#8.8#.. #.#
......##.##.. #.#
.............. #.#
#.....e.... #.#


You could see a deep elf death mage, 4 deep elf archers, a deep elf knight and a
ghostly deep elf zephyrmancer.

Vanquished Creatures
  Rupert (Orc:1)
  2 orc warlords
  A very ugly thing (D:15)
  A stone giant (D:15)
  A deep elf annihilator (Elf:1)
  A minotaur (Gauntlet)
  A dire elephant (Lair:6)
  Snorg (D:11)
  Josephine (D:11)
  Harold (D:9)
  2 vault guards (Bailey)
  Fannar (D:12)
  5 boulder beetles
  A catoblepas (Lair:6)
  14 hydras
  4 centaur warriors
  Erica (D:9)
  24 death yaks
  3 two-headed ogres
  8 dancing weapons (Elf:1)
  3 tengu warriors (D:14)
  A deep troll shaman (Lair:6)
  A hell hog (Gauntlet)
  3 orc high priests (Orc:2)
  12 slime creatures
  Sonja (D:10)
  Urug (D:12)
  Nergalle (D:10)
  4 deep elf knights
  A necromancer (D:14)
  2 lindwurms (Volcano)
  10 deep elf zephyrmancers (Elf:1)
  20 deep elf pyromancers
  13 ugly things
  2 manticores
  A worldbinder (Gauntlet)
  An orc sorcerer (Orc:2)
  2 cyclopes
  8 black mambas
  2 molten gargoyles (Volcano)
  3 merfolk sirens (Lair:4)
  23 elephants
  A guardian serpent (D:11)
  A torpor snail (Lair:6)
  An ice statue (D:11)
  11 cane toads
  Psyche (D:8)
  A gargoyle (D:6)
  3 efreet (Volcano)
  2 rime drakes
  2 unseen horrors (D:11)
  2 kobold demonologists (D:13)
  13 komodo dragons
  Maggie (D:8)
  3 yaktaurs (D:15)
  3 tengu conjurers
  A merfolk (Lair:4)
  9 trolls
  6 polar bears
  A queen bee (Lair:2)
  Prince Ribbit (Bailey)
  28 blink frogs
  3 hornets
  13 dream sheep
  Grinder (D:3)
  A blink frog (shapeshifter) (D:14)
  3 vampires
  44 yaks
  5 shadows
  2 air elementals (Elf:1)
  2 fire bats (Gauntlet)
  6 wraiths
  3 wyverns
  4 fire elementals
  7 basilisks
  2 steam dragons
  7 humans (Bailey)
  3 vampire mosquitoes (D:12)
  Grum (D:9)
  3 wargs
  4 acid dragons
  A hell hound (Gauntlet)
  16 water moccasins
  21 orc warriors
  2 black bears
  2 sky beasts
  2 necrophages
  5 ogres
  21 wolves
  8 boggarts
  A phantom (D:7)
  8 centaurs
  4 kobold brigands
  A gnoll sergeant (D:7)
  18 bullfrogs
  4 earth elementals (Volcano)
  7 scorpions
  2 water moccasin skeletons
  23 killer bees (Lair:2)
  A wight (D:9)
  4 howler monkeys
  A bullfrog zombie (D:6)
  4 centaur zombies
  2 hounds
  A bullfrog skeleton (D:6)
  23 orc priests
  A jelly (D:7)
  3 centaur skeletons
  Jessica (D:2)
  Terence (D:3)
  4 iguanas
  18 orc wizards
  6 hell rats (Lair:3)
  A killer bee zombie (D:9)
  A hound zombie (D:5)
  2 mummies (D:9)
  8 gnolls
  3 howler monkey zombies
  9 adders
  2 shadow imps (D:7)
  An ufetubus (D:5)
  4 worms
  2 dart slugs
  65 orcs
  2 endoplasms (D:2)
  7 giant cockroaches
  8 goblins
  11 hobgoblins
  15 kobolds
  4 quokkas
  6 ball pythons
  4 bats
  2 frilled lizards
  6 rats
  2 fire vortices (Volcano)
775 creatures vanquished.

Vanquished Creatures (others)
  A dancing weapon (Elf:1)
  2 deep elf knights (Elf:1)
  A deep elf archer (Elf:1)
  An orc priest (Orc:2)
  2 orc wizards (Orc:2)
  3 bushes (D:14)
  A fire vortex (Volcano)
  14 fungi
  20 plants
  5 withered plants
50 creatures vanquished.

Grand Total: 825 creatures vanquished

Notes
Turn   | Place    | Note
-------+----------+-------------------------------------------
     0 | D:1      | Peloso the Minotaur Fighter began the quest for the Orb.
     0 | D:1      | Reached XP level 1. HP: 19/19 MP: 0/0
   310 | D:1      | Reached XP level 2. HP: 27/27 MP: 1/1
   921 | D:2      | Noticed Jessica
   936 | D:2      | Killed Jessica
   937 | D:2      | Reached skill level 3 in Long Blades
   937 | D:2      | Reached XP level 3. HP: 25/33 MP: 2/2
  1240 | D:2      | Reached XP level 4. HP: 40/40 MP: 3/3
  1554 | D:3      | Found an opulent altar of Gozag.
  1618 | D:3      | Noticed Terence
  1624 | D:3      | Killed Terence
  1625 | D:3      | Reached skill level 4 in Long Blades
  1633 | D:3      | Reached XP level 5. HP: 40/46 MP: 4/4
  1722 | D:3      | Noticed Grinder
  1724 | D:3      | Paralysed by Grinder for 7 turns
  1742 | D:3      | Paralysed by Grinder for 4 turns
  1748 | D:3      | Paralysed by Grinder for 6 turns
  1758 | D:3      | Paralysed by Grinder for 4 turns
  1769 | D:3      | Killed Grinder
  1770 | D:3      | Reached skill level 5 in Long Blades
  1770 | D:3      | Reached skill level 5 in Armour
  1770 | D:3      | Reached skill level 1 in Dodging
  1770 | D:3      | Reached XP level 6. HP: 17/53 MP: 5/5
  2084 | D:3      | Found a runed translucent door.
  2090 | D:3      | Noticed Delamore's ghost (amateur GrFi)
  2309 | D:4      | Identified the ring "Xusmag" {rC+ Str+4}
  2341 | D:4      | Noticed a hornet
  2349 | D:4      | Killed a hornet
  2350 | D:4      | Reached skill level 6 in Long Blades
  2350 | D:4      | Reached skill level 1 in Stealth
  2350 | D:4      | Reached skill level 5 in Shields
  2493 | D:4      | Reached XP level 7. HP: 60/60 MP: 6/6
  2513 | D:4      | Identified the +1 pair of gloves of Muttered Phrases
                  | {Regen+}
  2557 | D:4      | Found Rehikug's Distillery.
  3035 | D:4      | Bought a potion of degeneration for 13 gold pieces
  3035 | D:4      | Bought a potion of curing for 39 gold pieces
  3035 | D:4      | Bought 2 potions of might for 104 gold pieces
  3101 | D:5      | Entered Level 5 of the Dungeon
  3241 | D:5      | Reached skill level 5 in Fighting
  3241 | D:5      | Reached skill level 7 in Long Blades
  3286 | D:5      | Reached XP level 8. HP: 68/68 MP: 7/7
  3408 | D:5      | Found a sparkling altar of Nemelex Xobeh.
  3829 | D:5      | Found a staircase to the Ecumenical Temple.
  3837 | Temple   | Entered the Ecumenical Temple
  3952 | Temple   | Became a worshipper of Warmaster Okawaru
  4035 | D:6      | Found a runed translucent door.
  4039 | D:6      | Noticed kelmiir's ghost (novice DEEE)
  4053 | D:6      | Reached skill level 8 in Long Blades
  4440 | D:6      | Reached * piety under Okawaru
  4441 | D:6      | Reached skill level 9 in Long Blades
  4453 | D:6      | Reached XP level 9. HP: 30/75 MP: 8/8
  4497 | D:6      | Noticed a gargoyle
  4505 | D:6      | Killed a gargoyle
  4583 | D:6      | Found a bloodstained altar of Trog.
  4874 | D:7      | Reached skill level 10 in Long Blades
  5408 | D:7      | Found a broken altar of Ashenzari.
  5797 | D:8      | Noticed Maggie
  5797 | D:8      | Noticed a manticore
  5802 | D:8      | Noticed Psyche
  5808 | D:8      | Killed Psyche
  5816 | D:8      | Killed Maggie
  5816 | D:8      | Reached ** piety under Okawaru
  5817 | D:8      | Reached skill level 11 in Long Blades
  5821 | D:8      | Killed a manticore
  5829 | D:8      | Reached XP level 10. HP: 19/86 MP: 9/9
  5937 | D:8      | Found a flagged portal.
  5952 | Bailey   | Entered a bailey
  5963 | Bailey   | Reached *** piety under Okawaru
  5994 | Bailey   | Reached skill level 10 in Armour
  6051 | Bailey   | Reached skill level 12 in Long Blades
  6078 | Bailey   | Noticed a vault guard
  6078 | Bailey   | Noticed Prince Ribbit
  6090 | Bailey   | Killed a vault guard
  6105 | Bailey   | Killed Prince Ribbit
  6105 | Bailey   | Reached **** piety under Okawaru
  6149 | Bailey   | Noticed a vault guard
  6167 | Bailey   | Killed a vault guard
  6312 | D:8      | Reached skill level 13 in Long Blades
  6426 | D:8      | Found a shimmering blue altar of Sif Muna.
  6426 | D:8      | Found an ancient bone altar of Kikubaaqudgha.
  6540 | D:8      | Found a staircase to the Lair.
  6579 | D:9      | Noticed Grum
  6579 | D:9      | Noticed Erica
  6614 | D:8      | Reached ***** piety under Okawaru
  6615 | D:8      | Reached XP level 11. HP: 84/95 MP: 10/10
  6706 | D:9      | Killed Erica
  6706 | D:9      | Received a gift from Okawaru
  6715 | D:9      | Found a staircase to the Orcish Mines.
  6719 | D:9      | Killed Grum
  6857 | D:9      | Identified the +2 cloak "Yliexoffu" {rCorr Str+3}
  6962 | D:9      | Noticed a two-headed ogre
  6975 | D:9      | Killed a two-headed ogre
  7118 | D:9      | Noticed Harold
  7119 | D:9      | Found a sacrificial altar of Ru.
  7128 | D:9      | Killed Harold
  7225 | D:9      | Found Caggi's Jewellery Emporium.
  7875 | D:10     | Entered Level 10 of the Dungeon
  7942 | D:10     | Found a hide-covered altar of Uskayaw.
  7956 | D:10     | Noticed Sonja
  7967 | D:10     | Killed Sonja
  8078 | D:10     | Identified the +2 hat "Zicaed" {Dex+2} (Okawaru gifted it
                  | to you on level 10 of the Dungeon)
  8078 | D:10     | Received a gift from Okawaru
  8092 | D:10     | Reached skill level 10 in Fighting
  8173 | D:10     | Noticed Nergalle
  8188 | D:10     | Killed Nergalle
  8189 | D:10     | Reached skill level 14 in Long Blades
  8226 | D:10     | Noticed a two-headed ogre
  8232 | D:10     | Killed a two-headed ogre
  8736 | Lair:1   | Entered Level 1 of the Lair of Beasts
  8798 | Lair:1   | Noticed a five-headed hydra
  8803 | Lair:1   | Killed a two-headed hydra
  8804 | Lair:1   | Reached XP level 12. HP: 107/107 MP: 11/11
  9351 | Lair:1   | Noticed a four-headed hydra
  9358 | Lair:1   | Killed a one-headed hydra
  9528 | Lair:2   | Received a gift from Okawaru
  9529 | Lair:2   | Reached skill level 15 in Long Blades
  9561 | Lair:2   | Found a hole to the Spider Nest.
  9712 | Lair:2   | Identified the +1 plate armour of Yshiwn {rN+ Int-4 Dex+4}
                  | (Okawaru gifted it to you on level 2 of the Lair of Beasts)
  9712 | Lair:2   | Received a gift from Okawaru
  9951 | Lair:2   | Noticed a six-headed hydra
  9960 | Lair:2   | Killed a two-headed hydra
 10268 | Lair:2   | Reached ****** piety under Okawaru
 10567 | Lair:3   | Found a dark tunnel.
 10587 | Volcano  | Entered a volcano
 10993 | Volcano  | Reached skill level 10 in Shields
 10993 | Volcano  | Reached XP level 13. HP: 96/119 MP: 12/12
 11341 | Lair:3   | Identified the quicksilver dragon scales of Kawn {Harm
                  | Will+} (Okawaru gifted it to you on level 3 of the Lair of
                  | Beasts)
 11341 | Lair:3   | Received a gift from Okawaru
 11641 | Lair:3   | Reached skill level 16 in Long Blades
 12352 | D:11     | Noticed Josephine
 12373 | D:11     | Killed Josephine
 12519 | D:11     | Noticed Snorg
 12537 | D:11     | Killed Snorg
 13212 | D:12     | Noticed Fannar
 13222 | D:12     | Killed Fannar
 13223 | D:12     | Reached skill level 15 in Armour
 13384 | D:12     | Found a shadowy altar of Dithmenos.
 13389 | D:12     | Noticed Urug
 13398 | D:12     | Killed Urug
 13965 | D:13     | Identified the +3 ring mail "Hohewk" {Drain rElec Will++
                  | Dex-5} (Okawaru gifted it to you on level 13 of the
                  | Dungeon)
 13965 | D:13     | Received a gift from Okawaru
 14076 | D:13     | Reached XP level 14. HP: 133/133 MP: 13/13
 14471 | Lair:4   | Found a gate leading to a gauntlet.
 14477 | Gauntlet | Entered a Gauntlet
 14477 | Gauntlet | Found a transporter.
 14477 | Gauntlet | Found a transporter.
 14477 | Gauntlet | Found a transporter.
 14487 | Gauntlet | Found a transporter.
 14490 | Gauntlet | Found a transporter.
 14505 | Gauntlet | Found a transporter.
 14505 | Gauntlet | Found a transporter.
 14520 | Gauntlet | Found a transporter.
 14547 | Gauntlet | Found a transporter.
 14564 | Gauntlet | Found a transporter.
 14572 | Gauntlet | Found a transporter.
 14585 | Gauntlet | Found a transporter.
 14877 | Gauntlet | Reached skill level 15 in Fighting
 14883 | Gauntlet | Identified the +0 cloak "Uzyigan" {rPois Regen+}
 15009 | Gauntlet | Identified the +1 chain mail "Uddoblo" {rC+}
 15017 | Gauntlet | Reached skill level 1 in Invocations
 15020 | Gauntlet | Got the Reference Book on Transmutation
 15429 | Lair:4   | Reached skill level 17 in Long Blades
 15743 | Lair:4   | Found a staircase to the Shoals.
 16088 | Lair:5   | Identified the +1 pair of boots of Optimism {rF- Int+4
                  | Slay+2} (Okawaru gifted it to you on level 5 of the Lair of
                  | Beasts)
 16088 | Lair:5   | Received a gift from Okawaru
 16559 | Lair:5   | Identified a scroll of acquirement
 17384 | Orc:1    | Entered Level 1 of the Orcish Mines
 17492 | Orc:1    | Noticed an orc warlord
 17496 | Orc:1    | Killed an orc warlord
 17497 | Orc:1    | Reached XP level 15. HP: 145/145 MP: 11/14
 17594 | Orc:2    | Entered Level 2 of the Orcish Mines
 17594 | Orc:2    | Noticed Rupert
 17619 | Orc:1    | Killed Rupert
 17796 | Orc:2    | Found a staircase to the Elven Halls.
 17861 | Orc:2    | Paralysed by an orc sorcerer for 5 turns
 17879 | Orc:2    | Received a gift from Okawaru
 18047 | Orc:2    | Found Ujoeceuc's Distillery.
 18047 | Orc:2    | Found Yfaolul's Distillery.
 18047 | Orc:2    | Found Tecaatajo's Distillery.
 18052 | Orc:2    | Found Nida's Assorted Antiques.
 18055 | Orc:2    | Gained mutation: You are weak. (Str -2) [a neqoxec]
 18059 | Orc:2    | Lost intelligence.
 18067 | Orc:2    | Gained mutation: You tend to lose your temper in combat. [a
                  | neqoxec]
 18078 | Orc:2    | Bought a potion of mutation for 96 gold pieces
 18078 | Orc:2    | Bought a potion of mutation for 96 gold pieces
 18083 | Orc:2    | Lost mutation: You tend to lose your temper in combat.
                  | [potion of mutation]
 18083 | Orc:2    | Lost mutation: You are weak. (Str -2) [potion of mutation]
 18083 | Orc:2    | Gained mutation: Potions are less effective at restoring
                  | your health. [potion of mutation]
 18084 | Orc:2    | Lost mutation: Potions are less effective at restoring your
                  | health. [potion of mutation]
 18084 | Orc:2    | Gained mutation: You occasionally shout uncontrollably at
                  | your foes. [potion of mutation]
 18084 | Orc:2    | Gained mutation: Your spells are a little harder to cast,
                  | but a little more powerful. [potion of mutation]
 18084 | Orc:2    | Gained mutation: Potions are less effective at restoring
                  | your health. [potion of mutation]
 18259 | D:11     | Lost mutation: Your spells are a little harder to cast, but
                  | a little more powerful. [potion of mutation]
 18259 | D:11     | Lost mutation: You occasionally shout uncontrollably at
                  | your foes. [potion of mutation]
 18259 | D:11     | Gained mutation: You are frail. (-10% HP) [potion of
                  | mutation]
 18259 | D:11     | Gained mutation: You occasionally shout uncontrollably at
                  | your foes. [potion of mutation]
 18259 | D:11     | Gained mutation: You are partially covered in large bone
                  | plates. (SH +4) [potion of mutation]
 18260 | D:11     | Lost mutation: You are frail. (-10% HP) [potion of
                  | mutation]
 18260 | D:11     | Lost mutation: You occasionally shout uncontrollably at
                  | your foes. [potion of mutation]
 18260 | D:11     | Gained mutation: Your flesh is cold resistant. (rC+)
                  | [potion of mutation]
 18260 | D:11     | Gained mutation: You have a beak for a mouth. [potion of
                  | mutation]
 18305 | D:11     | Reached skill level 1 in Axes
 18305 | D:11     | Reached skill level 1 in Polearms
 18305 | D:11     | Reached XP level 16. HP: 152/152 MP: 14/16
 19048 | D:14     | Reached skill level 18 in Long Blades
 19587 | D:14     | Found a gate to the Vaults.
 20033 | D:15     | Entered Level 15 of the Dungeon
 20169 | D:15     | Identified the +1 chain mail of Okawaru's Hope {MP+9}
                  | (Okawaru gifted it to you on level 15 of the Dungeon)
 20169 | D:15     | Received a gift from Okawaru
 20178 | D:15     | Identified the ring "Juwkutorcha" {rN+ Str+5 Stlth-}
 20219 | D:15     | Found a white marble altar of Elyvilon.
 20291 | D:15     | Found a staircase to the Depths.
 20293 | D:15     | Found Yruxzoc's Antique Weapon Shoppe.
 21805 | Lair:6   | Entered Level 6 of the Lair of Beasts
 21845 | Lair:6   | Found a viscous altar of Jiyva.
 21846 | Lair:6   | Found a staircase to the Slime Pits.
 22134 | Lair:6   | Reached skill level 5 in Dodging
 22143 | Lair:6   | Reached skill level 15 in Shields
 22316 | Lair:6   | Reached XP level 17. HP: 128/163 MP: 17/17
 22319 | Lair:6   | Reached skill level 19 in Long Blades
 22403 | Lair:6   | Received a gift from Okawaru
 23103 | Elf:1    | Entered Level 1 of the Elven Halls
 23297 | Elf:1    | Paralysed by an air elemental for 1 turns
 23301 | Elf:1    | Paralysed by an air elemental for 1 turns
 23307 | Elf:1    | Identified the +1 leather armour of Toothy Lucidity
                  | {Regen+}
 23521 | Elf:1    | Found a transporter.
 23521 | Elf:1    | Noticed nada's ghost (adept GrGl)
 23587 | Elf:1    | Found a transporter.
 23653 | Elf:1    | HP: 4/166 [deep elf pyromancer/sticky flame (5)]
 23689 | Elf:1    | Received a gift from Okawaru
 24013 | Elf:1    | Killed from afar by a ghostly deep elf zephyrmancer

Illustrated notes

Levels and vault maps discovered:
D:1:      co_arrival_square_in_a_square_in_a_square, layout_basic
D:2:      layout_rooms, serial_curves, eino_curves_02, eino_curves_04,
          eino_curves_03, eino_curves_03, minmay_tetromino_t4, uniq_jessica
D:3:      layout_rooms, grunt_gozag_breadcrumbs, ebering_ghost_reflecting_pool,
          wad_floor_pattern_1, uniq_terence, uniq_grinder
D:4:      layout_basic, serial_shops, nicolae_shop_waterfront
D:5:      layout_basic, nemelex_diamond_rough_becter, temple_green,
          abandoned_shop, serial_bayou_pond_d, minmay_misc_feat_diagonals,
          st_stairs_9
D:6:      minmay_cornered_nines, layout_basic,
          mainiacjoe_overflow_surrounded_room, gammafunk_ghost_grave
D:7:      layout_layer_cave, ashenzari_conservatory_becter
D:8:      layout_rooms, gammafunk_temple_overflow_statue, lair_entry_dummy,
          enter_bailey_4, uniq_psyche, uniq_maggie
D:9:      layout_layer_cave, mainiacjoe_overflow_alcove_1, david_orc_3,
          serial_shops, shop, serial_undead, serial_undead_b, serial_undead_a,
          serial_undead_c, serial_undead_e, uniq_grum, uniq_harold, uniq_erica
D:10:     layout_long_grid, nicolae_overflow_crystal_walls, st_stairs_10,
          uniq_sonja, uniq_nergalle
D:11:     lemuel_ice_statue, layout_long_grid, nrook_guardian_serpent_double,
          uniq_snorg, uniq_josephine
D:12:     layout_cave_pools, nicolae_two_hexagons,
          nicolae_dithmenos_the_darkroom, uniq_urug, uniq_fannar
D:13:     layout_gridville
D:14:     layout_irregular_city, david_vaults_1, serial_park_gazebo
          [serial_park_minivault_5x5_8], dk_noncrumbling_3,
          minmay_misc_feat_columns, grunt_ministairs_7
D:15:     grunt_enter_depths_giant_problem, layout_long_grid, elyvilon_altar_1,
          serial_shops, shop, chequers_avenue
Temple:   minmay_temple_curvy_branch
Lair:1:   layout_chaotic_city, grunt_megastairs_4
Lair:2:   layout_roguey, nicolae_spider_entry_non_spiders, special_room
          [special_room_bee], lemuel_fruit_tree, lemuel_fruit_fields
Lair:3:   layout_gridlike, nicolae_volcano_entry_lava_flow,
          cheibrodos_lair_lostbears
Lair:4:   layout_long_grid, elwin_shoals_entry_stream, gauntlet_entry_generic
Lair:5:   layout_small_grid, minmay_holes, infiniplex_staircase_pool_2,
          grunt_megastairs_2
Lair:6:   grunt_lair_end_beastmaster, layout_hall_layers, slime_altar_1,
          grunt_megastairs_1
Orc:1:    layout_caves, basic_altar, minmay_orc_barracks
Orc:2:    st_orc_mages, layout_caves, uniq_rupert
Elf:1:    layout_gridlike, gammafunk_ghost_arena,
          hangedman_elven_crosses_minicolossus, small_statue_intersection,
          nicolae_elf_vaults_five_recruitment_drive

Skill      XL: |  1  2  3  4  5  6  7  8  9 10 11 12 13 14 15 16 17 |
---------------+----------------------------------------------------+-----
Armour         | 4 5 6 8 9 10 12 13 15 16 17 18 | 18.2
Fighting       | 4 5 7 8 10 12 14 16 17 18 | 18.5
Long Blades    | 3 4 5 6 7 9 11 13 14 15 16 17 18 19 | 19.6
Shields        | 4 5 6 7 8 10 11 13 15 16 | 16.3
Dodging        | 1 2 3 4 5 |  5.2
Stealth        | 1 2 3 |  3.3
Invocations    | 1 |  1.5
Axes           | 1 |  1.1
Polearms       | 1 |  1.1
Short Blades   | |  0.6
Maces & Flails | |  0.7
Staves         | |  0.7
Slings         | |  0.6
Bows           | |  0.6
Crossbows      | |  0.6
Throwing       | |  0.5
Unarmed Combat | |  0.6
Spellcasting   | |  0.2
Conjurations   | |  0.3
Hexes          | |  0.4
Summonings     | |  0.3
Necromancy     | |  0.3
Translocations | |  0.3
Transmutations | |  0.3
Fire Magic     | |  0.3
Ice Magic      | |  0.3
Air Magic      | |  0.3
Earth Magic    | |  0.3
Poison Magic   | |  0.3
Evocations     | |  0.9

Action                   |  1- 3 |  4- 6 |  7- 9 | 10-12 | 13-15 | 16-18 || total
-------------------------+-------+-------+-------+-------+-------+-------++-------
Melee: Long sword        |    52 |    67 |   198 |       |       |       ||   317
       Headbutt          |     3 |     8 |    50 |   120 |   198 |   226 ||   605
       Scimitar          |       |       |       |   471 |   664 |   660 ||  1795
       Peck              |       |       |       |       |       |   198 ||   198
Invok: Heroism           |       |       |     2 |     2 |     5 |       ||     9
Evoke: Wand              |       |       |     2 |     1 |       |       ||     3
  Use: Potion            |       |     1 |       |     4 |     9 |     4 ||    18
       Scroll            |       |       |    10 |     8 |    10 |     2 ||    30
Armor: Scale mail        |    31 |    41 |    47 |       |     1 |       ||   120
       Plate armour      |       |       |    54 |   225 |   460 |   394 ||  1133
       Chain mail        |       |       |       |     5 |       |       ||     5
       Fire dragon scale |       |       |       |     4 |       |       ||     4
Dodge: Dodged            |    36 |    39 |    93 |   182 |   272 |   217 ||   839
Block: Buckler           |    18 |    16 |    58 |   141 |   254 |   459 ||   946

Table legend: (Time is in decaauts)
 A = Elapsed time spent in this place.
 B = Non-inter-level travel time spent in this place.
 C = Inter-level travel time spent in this place.
 D = Time resting spent in this place.
 E = Time spent auto-exploring this place.
 F = Levels seen in this place.
 G = Mean time per level.
                   A        B        C        D        E       F      G
               +--------+--------+--------+--------+--------+-----+--------+
         Total |  24098 |  22265 |   1833 |   1631 |  14098 |  28 |  860.6 |
       Dungeon |  14469 |  13323 |   1146 |   1157 |   8873 |  15 |  964.6 |
        Temple |    138 |    138 |      0 |      0 |    101 |   1 |  138.0 |
          Lair |   5915 |   5413 |    502 |      0 |   4019 |   6 |  985.8 |
  Orcish Mines |   1441 |   1258 |    183 |    241 |    507 |   2 |  720.5 |
   Elven Halls |    854 |    854 |      0 |     38 |    440 |   1 |  854.0 |
        Bailey |    256 |    256 |      0 |      2 |     41 |   1 |  256.0 |
       Volcano |    451 |    451 |      0 |     93 |     76 |   1 |  451.0 |
      Gauntlet |    570 |    570 |      0 |    100 |     40 |   1 |  570.0 |
               +--------+--------+--------+--------+--------+-----+--------+

Top non-repeatable levels by time:
    D:11: 2519 daAuts
     D:9: 1439 daAuts
  Lair:2: 1115 daAuts
     D:7: 1089 daAuts
  Lair:5: 1048 daAuts
    D:14: 1048 daAuts
  Lair:4: 999 daAuts
  Lair:3: 988 daAuts
     D:1: 927 daAuts
    D:15: 920 daAuts
  Lair:6: 919 daAuts
    D:10: 913 daAuts
   Elf:1: 854 daAuts
   Orc:2: 854 daAuts
     D:4: 852 daAuts
